AoeStats
← rtbold

Arena

510463519Analyzed
2v2 RM · 2d ago on Oct 1, 2026· 25m 43s· 4 players
Game mode
Random Map
Map size
Medium (4 player)
Population
200
Speed
Normal
Resources
Standard
Victory
Conquest
Starting age
Dark Age
Ending age
Imperial Age
RankedLock teamsTeams togetherTeam positionsShared explorationLock speedFull tech treeHidden civsTurbo modeCheats
Victory
Defeat
🇺🇸 Armenians · United States
1199
+17
🇺🇸 Cumans · United States
1149
+18
🇲🇽 Portuguese · Mexico
1221
-18
🇲🇽 Teutons · Mexico
1197
-17
rtbold
8:01 Loom
10:16 Feudal Age
10:55 Feudal Age
12:20 Double-Bit Axe
12:18 Horse Collar
27:27 Castle Age
demoror
10:09 Feudal Age
10:44 Double-Bit Axe
10:40 Horse Collar
10:24 Man-at-Arms
14:19 Long Swordsman
14:47 Arson
16:22 Scale Barding Armor
17:14 Forging
17:26 Pikeman
18:12 Loom
21:55 Scale Mail Armor
Rakzo Zeram
10:48 Feudal Age
15:01 Castle Age
13:13 Double-Bit Axe
13:47 Horse Collar
17:56 Forging
18:29 Wheelbarrow
21:33 Stone Mining
22:16 Man-at-Arms
24:44 Loom
fasdark333
10:57 Feudal Age
15:03 Castle Age
14:05 Double-Bit Axe
14:02 Horse Collar
Connection lost

Rejoining the realm…

Still unreachable

The connection could not be restored.

Session expired

The server has moved on; the page needs a fresh start.